 Dungeon Crawl Stone Soup version 0.29-a0-409-gd843f3a48c (webtiles) character file.

Game seed: 13162407619351668726

3492 chewbockel the Cleaver (level 9, -9/81 HPs)
             Began as a Minotaur Gladiator on May 13, 2022.
             Was an Elder of Okawaru.
             Killed from afar by a centaur (26 damage)
             ... with a bolt of acid
             ... on level 8 of the Dungeon.
             The game lasted 00:52:08 (7286 turns).

chewbockel the Cleaver (Minotaur Gladiator)         Turns: 7286, Time: 00:52:12

Health: -9/81      AC: 11    Str: 30    XL:     9   Next: 80%
Magic:  8/8        EV: 10    Int:  5    God:    Okawaru [****..]
Gold:   442        SH:  6    Dex: 17    Spells: 8/8 levels left

rFire   . . .      SeeInvis .   H - +3 long sword (freeze)
rCold   . . .      Faith    .   E - +2 buckler
rNeg    . . .      Spirit   .   p - +0 plate armour
rPois   .          Reflect  .   c - +0 hat
rElec   .          Harm     .   (no cloak)
rCorr   .          Rampage  .   (no gloves)
Will    .....                   C - +0 pair of boots
Stlth   ..........              t - amulet of the acrobat
HPRegen 0.23/turn               k - +6 ring of dexterity
MPRegen 0.11/turn               n - +6 ring of strength

@: corroded
A: horns 2, retaliatory headbutt
a: Renounce Religion, Heroism, Finesse


You were on level 8 of the Dungeon.
You worshipped Okawaru.
Okawaru was greatly pleased with you.
You visited 1 branch of the dungeon, and saw 8 of its levels.

You collected 442 gold pieces.

Inventory:

Hand Weapons
 a - a +0 flail
 g - a +4 hand axe
 i - a +2 whip of flaming
 r - a +0 flail of holy wrath
 y - a +0 hunting sling of freezing
 H - a +3 long sword of freezing (weapon)
Missiles
 d - 3 throwing nets (quivered)
 e - a javelin
 x - 5 atropa-tipped darts
Armour
 b - a +0 leather armour
 c - a +0 hat (worn)
 m - a +0 leather armour of cold resistance
 p - a +0 plate armour (worn)
 v - a +0 helmet
 z - a +0 scale mail
 C - a +0 pair of boots (worn)
 E - a +2 buckler (worn)
Jewellery
 h - a ring of protection from cold
 k - a +6 ring of dexterity (left hand)
 n - a +6 ring of strength (right hand)
 s - a ring of magical power
 t - an amulet of the acrobat (around neck)
 u - a ring of fire
Wands
 B - a wand of acid (12)
 D - a wand of iceblast (19)
Scrolls
 o - 5 scrolls of teleportation
 A - a scroll of identify
 F - 3 scrolls of summoning {unknown}
Potions
 f - 2 potions of flight
 j - 2 potions of attraction
 l - a potion of resistance {unknown}
 q - 3 potions of mutation
 w - a potion of berserk rage {unknown}
 G - a potion of heal wounds


   Skills:
 + Level 7.9 Fighting
 + Level 0.6 Long Blades
 + Level 10.4(10.8) Axes
 + Level 4.4(8.0) Maces & Flails
 + Level 2.0 Throwing
 + Level 9.4 Armour
 + Level 4.7 Dodging
 + Level 1.2 Stealth
 + Level 0.4 Shields


You had 8 spell levels left.
You didn't know any spells.
Your spell library contained the following spells:

 Spells                   Type           Power      Damage    Failure   Level
 Slow                     Hex            0%         N/A       99%         1
 Confusing Touch          Hex            0%         N/A       100%        3
 Vampiric Draining        Necr           0%         2d6       100%        3


Dungeon Overview and Level Annotations

Branches:
Dungeon (8/15)             Temple (0/1) D:5
   Lair: D:8-11

Altars:
Okawaru
Qazlal


Innate Abilities, Weirdness & Mutations

You have a pair of horns on your head.
You reflexively headbutt those who attack you in melee.


Message History

You headbutt the hobgoblin.
You kill the hobgoblin!
Okawaru accepts your kill. The hobgoblin barely misses you.
Aiming: Iceblast
Press: ? - help, Shift-Dir - straight line, f - ogre
Aim: an ogre, wielding a +0 giant club
Okay, then.
Aiming: Iceblast
Press: ? - help, Shift-Dir - straight line, f - kobold brigand
Aim: a kobold brigand, wielding a +0 whip and quivering poisoned darts (heavily wounded)
Okay, then.
You hit the kobold brigand. You freeze the kobold brigand.
Your headbutt misses the kobold brigand.
The kobold brigand is almost dead.
The hobgoblin hits you but does no damage.
The kobold brigand hits you with a +0 whip.
A centaur comes into view. It is carrying a wand of acid (8).
The hobgoblin closely misses you. The kobold brigand barely misses you.
You closely miss the kobold brigand.
The centaur shouts!
Your headbutt misses the kobold brigand.
The kobold brigand is severely wounded.
You hear a shout! x3
You block the hobgoblin's attack.
The kobold brigand hits you but does no damage.
The kobold misses you.
You hit the kobold brigand. You freeze the kobold brigand.
You kill the kobold brigand!
Okawaru accepts your kill.
The hobgoblin hits you but does no damage.
The kobold barely misses you. You furiously retaliate!
You headbutt the kobold!
You kill the kobold!
You hit the kobold. You freeze the kobold.
You kill the kobold!
The centaur zaps a wand.
The bolt of acid hits you! The acid corrodes you!
You block the hobgoblin's attack. The ogre hits you with a +0 giant club!
* * * LOW HITPOINT WARNING * * *
The centaur zaps a wand.
The bolt of acid hits you!!
You die...

#############
+.).$gO......
+))..@)c.....
#)########''#
#.[.# #...# #.>.#
P♣♣♣P#†..#
PPPPP#'''## ##
..P♣PPP♣....♣♣♣♣P.
....P♣P.....PP♣PP.


You could see an ogre, a centaur and a hobgoblin.

Vanquished Creatures
  Pikel (D:6)
  Grinder (D:6)
  A water moccasin (D:7)
  Duvessa (D:7)
  2 black bears (D:4)
  An orc warrior (D:8)
  An ice beast (D:5)
  2 sky beasts
  3 ogres
  2 centaurs
  2 lemures (D:6)
  2 kobold brigands
  4 scorpions
  Dowan (D:7)
  10 wights
  8 hounds
  An orc priest (D:6)
  Jessica (D:3)
  5 iguanas
  Natasha (twice) (D:2)
  2 orc wizards
  6 adders
  9 gnolls
  A white imp (D:7)
  3 worms (D:2)
  5 dart slugs
  12 orcs
  12 endoplasms
  13 giant cockroaches
  4 goblins
  7 hobgoblins
  8 jackals
  5 quokkas
  5 ball pythons
  3 bats
  4 frilled lizards
  12 kobolds
  14 rats
176 creatures vanquished.

Vanquished Creatures (others)
  14 plants (D:7)
14 creatures vanquished.

Grand Total: 190 creatures vanquished

Notes
Turn   | Place    | Note
-------+----------+-------------------------------------------
     0 | D:1      | chewbockel the Minotaur Gladiator began the quest for the
                  | Orb.
     0 | D:1      | Reached XP level 1. HP: 18/18 MP: 0/0
     1 | D:1      | Found a runed translucent door.
   254 | D:1      | Reached XP level 2. HP: 25/25 MP: 1/1
   553 | D:1      | Reached skill level 1 in Armour
   744 | D:1      | Reached XP level 3. HP: 26/30 MP: 2/2
   821 | D:1      | Found a faded altar of an unknown god.
   828 | D:1      | Prayed at the altar of an unknown god.
   828 | D:1      | Became a worshipper of Warmaster Okawaru
   828 | D:1      | Reached * piety under Okawaru
  1121 | D:2      | Reached skill level 1 in Axes
  1145 | D:2      | Reached XP level 4. HP: 38/38 MP: 3/3
  1435 | D:2      | Found a stormy altar of Qazlal.
  1688 | D:2      | Noticed Natasha
  1706 | D:2      | Killed Natasha
  1707 | D:2      | Reached skill level 2 in Axes
  1730 | D:2      | Noticed Natasha
  1737 | D:2      | Killed Natasha
  1738 | D:2      | Reached XP level 5. HP: 26/45 MP: 4/4
  2152 | D:3      | Noticed Jessica
  2163 | D:3      | Killed Jessica
  2164 | D:3      | Reached skill level 3 in Axes
  2165 | D:3      | Reached ** piety under Okawaru
  3071 | D:4      | Reached XP level 6. HP: 35/52 MP: 5/5
  3402 | D:4      | Reached skill level 4 in Axes
  3654 | D:4      | Reached skill level 5 in Axes
  3654 | D:4      | Reached XP level 7. HP: 43/60 MP: 6/6
  3846 | D:4      | Reached skill level 5 in Fighting
  4058 | D:5      | Entered Level 5 of the Dungeon
  4213 | D:5      | Reached *** piety under Okawaru
  4214 | D:5      | Reached skill level 6 in Axes
  4281 | D:5      | Received a gift from Okawaru
  4306 | D:5      | Found a staircase to the Ecumenical Temple.
  4341 | D:5      | Reached skill level 5 in Armour
  4401 | D:5      | Reached XP level 8. HP: 34/70 MP: 7/7
  4656 | D:5      | Reached skill level 7 in Axes
  5103 | D:6      | Noticed Grinder
  5134 | D:6      | Killed Grinder
  5135 | D:6      | Reached skill level 8 in Axes
  5349 | D:6      | Noticed Pikel
  5364 | D:6      | Killed Pikel
  5364 | D:6      | Reached **** piety under Okawaru
  5365 | D:6      | Reached skill level 9 in Axes
  5365 | D:6      | Reached XP level 9. HP: 31/78 MP: 8/8
  5898 | D:7      | Noticed Duvessa
  5905 | D:7      | Killed Duvessa
  5913 | D:7      | Noticed Dowan
  5922 | D:7      | Killed Dowan
  6575 | D:7      | Reached skill level 10 in Axes
  7245 | D:8      | Reached skill level 1 in Stealth
  7286 | D:8      | Killed from afar by a centaur

Illustrated notes

Levels and vault maps discovered:
D:1:      dpeg_arrival_caged_fury, layout_basic,
          hellmonk_ecumenical_altar_leap_of_faith, minmay_tetromino_i4
D:2:      minmay_spotlight, layout_rooms, basic_altar, supply_closet_lemuel,
          amethyst_killhole, due_unseen_surprise, uniq_natasha
D:3:      layout_loops_ring, kennysheep_decorative_pillar, uniq_jessica
D:4:      layout_basic
D:5:      layout_loops_ring, minmay_temple_entry_junction,
          minmay_misc_feat_secret_circle
D:6:      layout_loops_ring, uniq_pikel, uniq_grinder
D:7:      layout_basic, serial_bayou_pond_c, uniq_duvessa
D:8:      kennysheep_housing_project, layout_cave_pools, kennysheep_nub,
          uniq_prince_ribbit1

Skill      XL: |  1  2  3  4  5  6  7  8  9 |
---------------+----------------------------+-----
Armour         | 1 2 3 5 7 9 |  9.4
Maces & Flails | 4 |  4.4
Axes           | 1 2 3 5 6 9 10 | 10.4
Fighting       | 3 4 5 6 7 |  7.9
Dodging        | 4 |  4.7
Stealth        | 1 |  1.2
Long Blades    | |  0.6
Throwing       | |  2.0
Shields        | |  0.4

Action                   |  1- 3 |  4- 6 |  7- 9 || total
-------------------------+-------+-------+-------++-------
Melee: Flail             |    10 |       |       ||    10
       Hand axe          |    46 |   128 |   107 ||   281
       Headbutt          |     3 |    19 |    76 ||    98
       Punch             |       |       |     4 ||     4
       Whip              |       |       |   165 ||   165
       Long sword        |       |       |    27 ||    27
  Use: Potion            |     2 |     4 |     2 ||     8
       Scroll            |       |     7 |     3 ||    10
 Stab: Sleeping          |       |     1 |       ||     1
Armor: Leather armour    |    25 |    31 |       ||    56
       Plate armour      |       |    27 |    90 ||   117
Dodge: Dodged            |    62 |   103 |   146 ||   311
Block: Buckler           |       |       |    23 ||    23

Table legend: (Time is in decaauts)
 A = Elapsed time spent in this place.
 B = Non-inter-level travel time spent in this place.
 C = Inter-level travel time spent in this place.
 D = Time resting spent in this place.
 E = Time spent auto-exploring this place.
 F = Levels seen in this place.
 G = Mean time per level.
                   A        B        C        D        E       F      G
               +--------+--------+--------+--------+--------+-----+--------+
         Total |   7260 |   7214 |     46 |      0 |   2043 |   8 |  907.5 |
       Dungeon |   7260 |   7214 |     46 |      0 |   2043 |   8 |  907.5 |
               +--------+--------+--------+--------+--------+-----+--------+

Top non-repeatable levels by time:
     D:7: 1274 daAuts
     D:3: 1218 daAuts
     D:1: 1121 daAuts
     D:4: 1022 daAuts
     D:6: 1009 daAuts
     D:5: 820 daAuts
     D:2: 697 daAuts
     D:8: 95 daAuts
